 Dungeon Crawl Stone Soup version 0.29-a0-1039-gfc20370e89 (webtiles) character file.

Game seed: 10561157344210062979

296 BritishOli the Trooper (level 6, 0/48 HPs)
             Began as a Demonspawn Fighter on Aug 15, 2022.
             Slain by Grinder (5 damage)
             ... on level 3 of the Dungeon.
             The game lasted 00:02:36 (2857 turns).

BritishOli the Trooper (Demonspawn Fighter)         Turns: 2857, Time: 00:02:36

Health: 0/48       AC: 13    Str: 19    XL:     6   Next: 12%
Magic:  6/6        EV:  9    Int:  9    God:
Gold:   115        SH:  5    Dex: 12    Spells: 5/5 levels left

rFire   . . .      SeeInvis .   a - +0 long sword
rCold   . . .      Faith    .   c - +0 buckler
rNeg    . . .      Spirit   .   b - +0 scale mail
rPois   .          Reflect  .   (no helmet)
rElec   .          Harm     .   (no cloak)
rCorr   .          Rampage  .   j - +2 pair of gloves {Stlth+}
Will    .....                   r - +0 pair of boots
Stlth   +.........              (no amulet)
HPRegen 0.16/turn               (no ring)
MPRegen 0.10/turn               (no ring)

@: no status effects
A: claws 1, molten scales 1, spiny 1
a: no special abilities


You were on level 3 of the Dungeon.
You visited 1 branch of the dungeon, and saw 3 of its levels.
You also visited: Sewer.

You collected 115 gold pieces.

Inventory:

Hand Weapons
 a - a +0 long sword (weapon)
Armour
 b - a +0 scale mail (worn)
 c - a +0 buckler (worn)
 j - a +2 pair of gloves of stealth (worn)
 r - a +0 pair of boots (worn)
Scrolls
 f - 3 scrolls of teleportation {unknown}
 i - a scroll of butterflies {unknown}
 k - a scroll of poison {unknown}
 l - 2 scrolls of enchant armour {unknown}
 m - a scroll of identify {unknown}
 o - 2 scrolls of fear {unknown}
 q - a scroll of vulnerability {unknown}
Potions
 d - a potion of might
 e - a potion of cancellation {unknown}
 g - a potion of curing {unknown}
 h - a potion of magic {unknown}
 n - 3 potions of mutation {unknown}
 p - 2 potions of heal wounds {unknown}


   Skills:
 + Level 4.3 Fighting
 + Level 3.2 Long Blades
 + Level 3.9 Armour
 + Level 3.8 Shields


You had 5 spell levels left.
You didn't know any spells.
Your spell library contained the following spells:

 Spells                   Type           Power      Damage    Failure   Level
 Ensorcelled Hibernation  Hex/Ice        0%         N/A       93%         2
 Ozocubu's Armour         Ice            0%         N/A       99%         3
 Spider Form              Tmut/Pois      0%         N/A       99%         3
 Anguish                  Hex/Necr       0%         N/A       100%        4
 Metabolic Englaciation   Hex/Ice        0%         N/A       100%        5
 Simulacrum               Ice/Necr       0%         N/A       100%        6
 Ozocubu's Refrigeration  Ice            0%         4d7       100%        7


Dungeon Overview and Level Annotations

Branches:
Dungeon (3/15)              Sewer (visited)

Altars:

Annotations:
D:3 Grinder


Innate Abilities, Weirdness & Mutations

You have sharp fingernails.
You are partially covered in molten scales. (AC +2)
You are partially covered in sharp spines.


Message History

You slash Grinder!
Grinder is moderately wounded.
Grinder barely misses you. Grinder closely misses you.
You closely miss Grinder.
Grinder is moderately wounded.
Grinder says, "Mostly I couldn't keep them alive."
Grinder closely misses you.
You hit Grinder.
Grinder is moderately wounded.
Grinder hits you!
You writhe in agony.
You closely miss Grinder.
Grinder is moderately wounded.
Grinder is struck by your spines. Grinder barely misses you.
Grinder gestures at you.
You suddenly lose the ability to move!
Grinder is struck by your spines. Grinder hits you but does no damage.
You can move again.
Unknown command.
You barely miss Grinder.
Grinder is severely wounded.
You block Grinder's attack.
You barely miss Grinder.
Grinder is severely wounded.
Grinder gestures at you. Pain shoots through your body!
You closely miss Grinder.
Grinder is severely wounded.
Grinder is struck by your spines. Grinder barely misses you.
Unknown command.
You barely miss Grinder.
Grinder is severely wounded.
Grinder is struck by your spines. Grinder hits you.
* * * LOW HITPOINT WARNING * * *
You writhe in agony.
* * * LOW HITPOINT WARNING * * *
Grinder says, "You look like you could use a good racking."
Grinder hits you.
* * * LOW HITPOINT WARNING * * *
You writhe in agony.
You die...

###..###.#>...........#
###..###.#...##.........
.##.............>.......
)##..###.....##.##.#...#
........................
.....####...............
.....# #...............
.###.####..#....#..#.#..
................@.......
.###.####..#.####5.#.#..
.# #[........# .....
.########..#.####..#.#..
.........<.).......# ..
#########..#.###...# ##
#...... ..# ##.#.### .##
#.###


You could see Grinder.

Vanquished Creatures
  Sigmund (D:3)
  A hell rat (Sewer)
  4 river rats
  3 adders
  2 orcs (D:3)
  3 endoplasms (D:2)
  5 giant cockroaches
  6 goblins
  6 hobgoblins
  3 quokkas (D:1)
  3 ball pythons
  4 bats
  7 frilled lizards
  3 kobolds
  9 rats
60 creatures vanquished.

Notes
Turn   | Place    | Note
-------+----------+-------------------------------------------
     0 | D:1      | BritishOli the Demonspawn Fighter began the quest for the
                  | Orb.
     0 | D:1      | Reached XP level 1. HP: 18/18 MP: 1/1
   237 | D:1      | Found a faded altar of an unknown god.
   387 | D:1      | Gained mutation: You are partially covered in molten
                  | scales. (AC +2) [demonic ancestry]
   387 | D:1      | Reached XP level 2. HP: 22/24 MP: 2/2
  1209 | D:2      | Gained mutation: You have sharp fingernails. [demonic
                  | ancestry]
  1209 | D:2      | Reached XP level 3. HP: 7/29 MP: 3/3
  2007 | D:3      | Reached XP level 4. HP: 33/35 MP: 4/4
  2030 | D:3      | Found a glowing drain.
  2034 | Sewer    | Entered a sewer
  2363 | Sewer    | Gained mutation: You are partially covered in sharp spines.
                  | [demonic ancestry]
  2363 | Sewer    | Reached XP level 5. HP: 18/42 MP: 5/5
  2693 | D:3      | Noticed Sigmund
  2705 | D:3      | Killed Sigmund
  2706 | D:3      | Reached skill level 4 in Fighting
  2706 | D:3      | Reached XP level 6. HP: 30/48 MP: 6/6
  2826 | D:3      | Found the +4 robe of Augmentation {Str+4 Int+4 Dex+4}
  2841 | D:3      | Noticed Grinder
  2852 | D:3      | Paralysed by Grinder for 2 turns
  2857 | D:3      | Slain by Grinder

Illustrated notes

Levels and vault maps discovered:
D:1:      minmay_arrival_jagged, layout_basic,
          shapermc_ecumenical_altar_mp_urbaneastern
D:2:      minmay_evil_eye, layout_rooms
D:3:      layout_basic, gup_sewer_entry_bowl, uniq_sigmund, uniq_natasha,
          uniq_grinder

Skill      XL: |  1  2  3  4  5 |
---------------+----------------+-----
Long Blades    | 2 3 |  3.2
Armour         | 3 |  3.9
Shields        | 3 |  3.8
Fighting       | 4 |  4.3

Action                   |  1- 3 |  4- 6 || total
-------------------------+-------+-------++-------
Melee: Long sword        |   143 |    91 ||   234
Armor: Scale mail        |    84 |    36 ||   120
Dodge: Dodged            |    85 |    42 ||   127
Block: Buckler           |    41 |    23 ||    64

Table legend: (Time is in decaauts)
 A = Elapsed time spent in this place.
 B = Non-inter-level travel time spent in this place.
 C = Inter-level travel time spent in this place.
 D = Time resting spent in this place.
 E = Time spent auto-exploring this place.
 F = Levels seen in this place.
 G = Mean time per level.
                   A        B        C        D        E       F      G
               +--------+--------+--------+--------+--------+-----+--------+
         Total |   2948 |   2895 |     53 |    286 |   2076 |   4 |  737.0 |
       Dungeon |   2382 |   2329 |     53 |    286 |   1612 |   3 |  794.0 |
         Sewer |    565 |    565 |      0 |      0 |    463 |   1 |  565.0 |
               +--------+--------+--------+--------+--------+-----+--------+

Top non-repeatable levels by time:
     D:1: 1049 daAuts
     D:2: 932 daAuts
   Sewer: 565 daAuts
     D:3: 401 daAuts
